Map: [ESL] Moondance

Players

Vindicta

  • Race: Terran Terran
  • Spawn Location: 12:00

MaNa - Winner!

  • Race: Protoss Protoss
  • Spawn Location: 6:00

Event: DreamHack SC2 Masters 2022 Valencia

VOD

Have the link to the VOD?

Description

Time

  • Played on: July 1, 2022, 11:14 a.m.
  • Length: 6:42

All games in this series

Show
View Real Time Build Order
Export as new Build Order

Vindicta Terran 

Build Orders:  

Get SALT Encoding   

  12  0:00  SCV  
  13  0:12  SCV  
  14  0:17  Supply Depot  
  14  0:24  SCV  
  15  0:39  SCV  
  15  0:40  Barracks  
  16  0:45  Refinery  
  16  0:51  SCV  
  17  1:03  SCV  
  17  1:04  Engineering Bay  
  18  1:13  Supply Depot  
  18  1:16  SCV  
  20  1:32  Reaper  
  20  1:34  Orbital Command  
  20  1:57  Command Center  
  20  2:04  SCV, Marine  
  22  2:14  Factory  
  22  2:19  SCV  
  22  2:22  Marine  
  23  2:31  SCV  
  23  2:34  Refinery  
  24  2:40  Marine  
  24  2:42  Bunker  
  24  2:43  SCV  
  26  2:55  SCV  
  26  2:58  Marine  
  27  2:59  Widow Mine  
  30  3:08  SCV  
  29  3:16  Orbital Command  
  29  3:20  SCV  
  29  3:23  Starport  
  29  3:24  Widow Mine  
  31  3:32  SCV, Armory  
  31  3:33  Barracks Reactor  
  32  3:38  Orbital Command  
  32  3:44  SCV  
  32  3:47  Widow Mine  
  35  3:56  SCV  
  35  4:00  Medivac  
  37  4:04  SCV  
  37  4:08  SCV  
  37  4:09  Factory Tech Lab, Marine  
  39  4:10  Marine  
  39  4:13  Bunker  
  42  4:19  Supply Depot  
  42  4:20  SCV  
  40  4:27  Marine, Cyclone  
  44  4:33  Barracks, Starport Tech Lab  
  44  4:37  SCV  
  46  4:46  Orbital Command  
  46  4:48  Barracks  
  46  4:49  SCV  
  45  4:52  Banshee  
  43  5:01  SCV  
  43  5:02  Marine  
  43  5:04  Marine  
  44  5:13  SCV  
  45  5:20  Marine x2  
  46  5:22  Marine  
  46  5:25  SCV  
  46  5:35  Siege Tank  
  44  5:37  SCV  
  44  5:38  Marine x2  
  47  5:45  Marine  
  47  5:49  SCV  
  45  5:51  Marine  
  45  5:53  Banshee  
  45  5:56  Marine x2  
  49  6:01  SCV  
  50  6:07  Siege Tank, Marine  
  54  6:22  Marine  
  54  6:23  SCV  
  54  6:24  Marine  
Show
View Real Time Build Order
Export as new Build Order

MaNa Protoss - Winner!

Build Orders: Blink Stalkers 

Get SALT Encoding   

  12  0:00  Probe  
  13  0:12  Probe  
  14  0:17  Pylon  
  14  0:24  Probe (Chrono Boost)  
  15  0:36  Probe (Chrono Boost)  
  15  0:38  Gateway  
  16  0:43  Probe (Chrono Boost)  
  16  0:46  Assimilator  
  17  0:50  Probe  
  18  1:03  Probe  
  19  1:07  Pylon  
  19  1:15  Probe  
  20  1:25  Cybernetics Core  
  20  1:27  Probe  
  20  1:28  Gateway  
  21  1:39  Probe  
  22  1:40  Assimilator  
  22  1:51  Probe  
  23  2:02  Adept (Chrono Boost)  
  23  2:03  Probe  
  26  2:09  Warp Gate  
  26  2:15  Probe  
  29  2:17  Stalker (Chrono Boost)  
  29  2:19  Pylon  
  29  2:27  Stalker (Chrono Boost)  
  31  2:39  Stalker  
  31  2:40  Probe  
  33  2:52  Probe  
  34  3:04  Probe  
  33  3:15  Nexus  
  33  3:18  Probe  
  32  3:22  Twilight Council  
  32  3:30  Probe  
  33  3:42  Probe, Gateway  
  34  3:53  Blink (Chrono Boost)  
  34  3:54  Probe  
  35  4:01  Stalker x2  
  38  4:06  Probe  
  39  4:26  Stalker, Probe  
  39  4:27  Stalker  
  44  4:33  Robotics Facility  
  44  4:35  Probe  
  45  4:38  Probe  
  45  4:43  Stalker  
  48  4:52  Stalker  
  50  4:54  Probe  
  50  4:58  Probe  
  52  5:01  Pylon  
  50  5:23  Probe  
  50  5:24  Observer (Chrono Boost)  
  52  5:35  Probe x2  
  52  5:37  Stalker x3  
  52  5:39  Observer  
  58  5:47  Probe x2  
  59  5:59  Probe x2  
  61  6:09  Stalker  
  62  6:17  Pylon  
  62  6:22  Pylon  
  62  6:36  Nexus  
  62  6:37  Stalker, Pylon  
  62  6:39  Stalker x2  

Tags
 
Add a new tag
Caveats
  • Supply blocks, unpowered buildings, or Contaminate may cause inaccurate times.
  • Supply counts are checked every 10 seconds.